 Dungeon Crawl Stone Soup version 0.14.0-9-g9c5475a (webtiles) character file.

20310 MDvedh the Basher (level 12, -1/81 HPs)
             Began as a Gargoyle Abyssal Knight on Apr 14, 2014.
             Was the Champion of Lugonu.
             Slain by a six-headed hydra (3 damage)
             ... on Level 4 of the Lair of Beasts.
             The game lasted 00:34:43 (16463 turns).

MDvedh the Basher (Gargoyle Abyssal Knight)        Turns: 16463, Time: 00:34:43

HP  -1/81        AC 17     Str 20      XL: 12   Next: 71%
MP  15/23        EV 10     Int 14      God: Lugonu [******]
Gold 660         SH 11     Dex 10      Spells:  0 memorised, 11 levels left

rFire  . . .     SeeInvis .     p - +0 whip (venom)
rCold  + . .     Clarity  .     P - +2 leather armour of Ishok {+Inv rC+}
rNeg   + . .     Conserve .     z - +0 buckler
rPois  +         rCorr    .     (no helmet)
rElec  +         rRot     +     G - +1 cloak
SustAb . .       Spirit   .     (no gloves)
rMut   .         Warding  .     (no boots)
Gourm  +         Stasis   .     u - amulet of the gourmand
MR     .....                    i - +5,+4 ring of slaying
                                E - +1 ring of dexterity

@: not resistant to hostile enchantments, very unstealthy
A: life protection 1, electricity resistance, unbreathing, petrification
resistance, AC +8
a: Depart the Abyss, Bend Space, Banish, Corrupt, Enter the Abyss, Renounce
Religion, Evoke Invisibility


You were on level 4 of the Lair of Beasts.
You worshipped Lugonu.
Lugonu was exalted by your worship.
You were very full.

You visited 2 branches of the dungeon, and saw 15 of its levels.
You visited the Abyss 1 time.

You collected 715 gold pieces.
You spent 55 gold pieces at shops.

Inventory:

Hand weapons
 a - a +1,-2 flail
 p - a +0,+0 whip of venom (weapon)
 D - a +0,+0 whip
Armour
 z - a +0 buckler (worn)
 G - a +1 cloak (worn)
 P - the +2 leather armour of Ishok (worn) {+Inv rC+}
   (You found it on level 4 of the Lair of Beasts)

   It protects you from cold.
   It lets you turn invisible.
Magical devices
 N - a wand of digging (11)
Comestibles
 c - 9 bread rations
 o - 10 apricots
 r - a meat ration
 v - an orange
 S - 9 cheeses
Scrolls
 b - 4 scrolls of teleportation
 f - 3 scrolls of recharging
 j - a scroll of holy word
 l - a scroll of blinking
 w - a scroll of fear
 C - 2 scrolls of enchant weapon II
 F - 5 scrolls of enchant weapon I
 H - 4 scrolls of identify
 J - a scroll of immolation
 K - a scroll of amnesia
 M - 4 scrolls of remove curse
 X - a scroll of enchant armour
 Y - a scroll of fog
Jewellery
 h - an uncursed ring of wizardry
 i - a +5,+4 ring of slaying (right hand)
 m - an uncursed ring of protection from fire
 q - an uncursed amulet of rage
 u - an amulet of the gourmand (around neck)
 y - an uncursed ring of see invisible
 A - an uncursed ring of ice
 E - a +1 ring of dexterity (left hand)
 O - a cursed -2 ring of intelligence
 Q - an uncursed ring of sustenance
 R - an uncursed amulet of guardian spirit
 U - a +1 ring of evasion
 V - a cursed -3 ring of protection
 Z - the amulet "Phiskebi" {Stasis rC+ MR++}
   (You found it on level 2 of the Lair of Beasts)

   [amulet of stasis]

   It protects you from cold.
   It affects your resistance to hostile enchantments.
Potions
 d - 2 potions of lignification
 e - 8 potions of curing
 k - 3 potions of might
 s - a potion of cure mutation
 t - a potion of brilliance
 x - a potion of confusion
 B - a potion of poison
 I - 3 potions of haste
 L - 5 potions of flight
 T - 4 potions of restore abilities
Books
 g - a book of Ice

   Spells                             Type                      Level
   Freezing Aura                      Charms/Ice                   2
   Metabolic Englaciation             Hexes/Ice                    5
   Ozocubu's Refrigeration            Ice                          6
   Bolt of Cold                       Conjuration/Ice              6
   Freezing Cloud                     Conjuration/Ice/Air          6
   Simulacrum                         Ice/Necromancy               6
 W - a book of Unlife

   Spells                             Type                      Level
   Recall                             Summoning/Translocation      3
   Animate Dead                       Necromancy                   4
   Control Undead                     Necromancy                   4
   Twisted Resurrection               Necromancy                   5
   Death Channel                      Necromancy                   6
   Simulacrum                         Ice/Necromancy               6


   Skills:
 + Level 11.8 Fighting
 - Level 12.7 Maces & Flails
 - Level 11.3 Armour
 - Level 0.7 Dodging
 - Level 6.9 Shields
 - Level 7.0 Invocations


You had 11 spell levels left.
You didn't know any spells.

Dungeon Overview and Level Annotations

Branches:
Dungeon (11/15)            Temple (0/1) D:6             Orc (0/4) D:10
   Lair (4/8) D:10         Shoals (0/5) Lair:4
  Swamp: Lair:3-6     Snake: Lair:3-6    Spider: Lair:3-6

Altars:
Dithmenos
Elyvilon
Trog
The Shining One

Shops:
D:5 *   D:10 *


Innate Abilities, Weirdness & Mutations

You are resistant to torment.
You are immune to poison.
You are immune to rotting.
Your stone body is very resilient (AC +8).
You resist negative energy.
You are resistant to electric shocks.
You can survive without breathing.
You are immune to petrification.


Message History

The six-headed hydra resists with significant effort.
You feel somewhat less full.
The six-headed hydra bites you but does no damage.
The six-headed hydra barely misses you.
You block the six-headed hydra's attack.
The six-headed hydra bites you!
* * * LOW HITPOINT WARNING * * *
The six-headed hydra misses you.
You block the six-headed hydra's attack.
Use which ability? (? or * to list)
Press: ? - help, Shift-Dir - straight line, f/p - six-headed hydra
Aim: a six-headed hydra (lightly wounded)
The six-headed hydra resists with significant effort.
You feel somewhat less full. The six-headed hydra bites you.
* * * LOW HITPOINT WARNING * * *
The six-headed hydra bites you!
* * * LOW HITPOINT WARNING * * *
The six-headed hydra bites you but does no damage.
The six-headed hydra bites you.
You die...

##.######..#####
...#.#### #.## #
.........####..#
##
...........##..##
#.
...........##..#
###.
#.............#
#...
#.....##..##.##
##.#.
#..#.#.f.#####
#P.#. #...D@...#
#....
#........####
#..#. .####..##
##... ### ##.f.
###..f# ##......
#......P #.#.#.##
#.###.##


You could see a six-headed hydra.

Vanquished Creatures
  A hydra (Lair:4)
  Nergalle (Lair:1)
  Erolcha (D:9)
  Pikel (D:8)
  A black mamba (Lair:3)
  A queen ant (Lair:3)
  2 spiny frogs
  2 polar bears (D:8)
  A troll (D:10)
  A deep elf mage (D:10)
  2 basilisks
  2 sharks (Lair:3)
  14 yaks
  A human (D:7)
  Eustachio (D:9)
  6 hippogriffs
  20 soldier ants (Lair:3)
  A necrophage (D:10)
  Edmund (D:9)
  7 porcupines
  6 water moccasins
  The ghost of zkyp the Cutter, an average KoWr of Fedhas (D:3)
  3 ice beasts
  6 orc warriors
  3 phantoms
  A yellow wasp (D:10)
  A giant goldfish (Lair:3)
  A slave (D:8)
  3 black bears
  A sky beast (D:7)
  10 centaurs
  A boring beetle (Lair:3)
  Sigmund (D:6)
  6 crocodiles
  3 giant slugs
  5 big kobolds
  9 giant frogs
  A gnoll sergeant (D:10)
  A scorpion (D:4)
  3 electric eels (D:8)
  A goliath beetle (D:9)
  5 killer bees (D:10)
  A crimson imp (D:9)
  A giant frog zombie (D:7)
  6 jellies
  3 big fish
  A quasit (D:8)
  9 hounds
  34 worker ants
  6 iguanas
  3 orc priests
  5 orc wizards
  10 sheep
  A hound zombie (D:6)
  A mummy (D:10)
  A worker ant zombie (D:7)
  12 gnolls
  A sky beast simulacrum (D:8)
  15 adders
  A giant mite (D:1)
  A goliath beetle zombie (D:6)
  15 green rats
  2 white imps (D:8)
  A shadow imp (D:7)
  7 worms
  An ufetubus (D:8)
  An iguana zombie (D:5)
  An orc zombie (D:9)
  An adder zombie (D:6)
  A giant eyeball (D:9)
  3 giant geckos
  An iguana simulacrum (D:8)
  3 oozes
  27 orcs
  A ball python (D:1)
  9 giant cockroaches
  13 hobgoblins
  20 jackals
  11 bats
  9 giant newts
  A giant spore (D:6)
  12 goblins
  67 kobolds
  12 quokkas
  A quokka zombie (D:6)
  21 rats
  2 ballistomycetes
494 creatures vanquished.

Vanquished Creatures (others)
  2 slaves (D:8)
  An orc warrior (D:10)
  A sky beast (D:8)
  A yellow wasp simulacrum (D:8)
  2 giant spores
  5 toadstools (D:1)
12 creatures vanquished.

Grand Total: 506 creatures vanquished

Notes
Turn   | Place    | Note
--------------------------------------------------------------
     0 | Abyss:1  | MDvedh, the Gargoyle Abyssal Knight, began the quest for the Orb.
     0 | Abyss:1  | Reached XP level 1. HP: 14/14 MP: 1/1
     1 | D:1      | Escaped the Abyss
    54 | D:1      | Reached XP level 2. HP: 19/19 MP: 2/2
   102 | D:1      | Acquired Lugonu's first power
   192 | D:1      | Reached XP level 3. HP: 23/23 MP: 3/3
   424 | D:1      | Reached skill level 4 in Maces & Flails
   585 | D:2      | Acquired Lugonu's second power
   871 | D:2      | Reached XP level 4. HP: 13/28 MP: 5/5
  1160 | D:2      | Reached skill level 5 in Maces & Flails
  1450 | D:2      | Reached XP level 5. HP: 26/32 MP: 6/6
  1629 | D:2      | Acquired Lugonu's third power
  1783 | D:3      | Found a shadowy altar of Dithmenos.
  2067 | D:3      | Reached skill level 6 in Maces & Flails
  2178 | D:3      | Noticed zkyp's ghost (average KoWr)
  2377 | D:3      | Killed zkyp's ghost
  2377 | D:3      | Reached skill level 7 in Maces & Flails
  2377 | D:3      | Reached XP level 6. HP: 20/37 MP: 7/7
  3108 | D:4      | Found a glowing golden altar of the Shining One.
  3388 | D:4      | Acquired Lugonu's fourth power
  3400 | D:4      | Reached skill level 8 in Maces & Flails
  3400 | D:4      | Reached XP level 7. HP: 35/41 MP: 9/9
  3544 | D:4      | Found a white marble altar of Elyvilon.
  3774 | D:4      | Reached skill level 9 in Maces & Flails
  3822 | D:4      | Acquired Lugonu's fifth power
  4192 | D:4      | Reached XP level 8. HP: 46/46 MP: 10/10
  4443 | D:5      | Entered Level 5 of the Dungeon
  4482 | D:5      | Reached skill level 10 in Maces & Flails
  4806 | D:5      | Found Mnuosiod's General Store.
  4815 | D:5      | Bought a potion of heal wounds for 33 gold pieces
  4815 | D:5      | Bought a scroll of identify for 22 gold pieces
  5191 | D:6      | Found a staircase to the Ecumenical Temple.
  5349 | D:6      | Found a bloodstained altar of Trog.
  5349 | D:6      | Found a shadowy altar of Dithmenos.
  5382 | D:6      | Noticed Sigmund
  5392 | D:6      | Killed Sigmund
  5392 | D:6      | Reached skill level 11 in Maces & Flails
  6132 | D:7      | Reached skill level 12 in Maces & Flails
  6153 | D:7      | Reached XP level 9. HP: 45/51 MP: 11/11
  6438 | D:7      | Reached skill level 1 in Shields
  7076 | D:8      | Reached skill level 5 in Invocations
  7237 | D:8      | Reached skill level 5 in Shields
  7259 | D:8      | Reached XP level 10. HP: 15/56 MP: 18/18
  7903 | D:8      | Noticed Pikel
  7928 | D:8      | Killed Pikel
  8243 | D:9      | Noticed Edmund
  8265 | D:9      | Killed Edmund
  8316 | D:9      | Noticed Erolcha
  8382 | D:9      | Killed Erolcha
  8591 | D:9      | Noticed Eustachio
  8920 | D:9      | Killed Eustachio
  8920 | D:9      | Reached skill level 5 in Armour
  9240 | D:9      | Paralysed by a giant eyeball for 2 turns
  9244 | D:9      | Paralysed by a giant eyeball for 2 turns
  9433 | D:10     | Entered Level 10 of the Dungeon
  9490 | D:10     | Found Qostron's General Store.
  9699 | D:10     | Found a staircase to the Lair.
  9732 | D:10     | Found a bloodstained altar of Trog.
  9798 | D:10     | Reached XP level 11. HP: 40/60 MP: 21/21
  9982 | D:10     | Found a staircase to the Orcish Mines.
 10671 | Lair:1   | Entered Level 1 of the Lair of Beasts
 10971 | D:10     | Reached skill level 10 in Armour
 12059 | Lair:1   | Noticed Nergalle
 12086 | Lair:1   | Killed Nergalle
 12301 | Lair:1   | Reached skill level 5 in Fighting
 12602 | Lair:2   | Noticed a five-headed hydra
 12613 | Lair:2   | Banished a five-headed hydra
 12840 | Lair:2   | Got a transparent tin amulet
 12931 | Lair:2   | Identified the amulet "Phiskebi" {Stasis rC+ MR++} (You found it on level 2 of the Lair of Beasts)
 13921 | Lair:3   | Reached XP level 12. HP: 48/72 MP: 23/23
 14760 | Lair:3   | Reached skill level 10 in Fighting
 15434 | Lair:4   | Noticed a six-headed hydra
 15450 | Lair:4   | Killed a six-headed hydra
 15707 | Lair:4   | Got a faintly glowing leather armour
 15717 | Lair:4   | Identified the cursed +2 leather armour of Ishok {+Inv rC+} (You found it on level 4 of the Lair of Beasts)
 15773 | Lair:4   | Found a staircase to the Shoals.
 16458 | Lair:4   | Noticed a six-headed hydra
 16463 | Lair:4   | HP: 2/81 [six-headed hydra (12)]
 16463 | Lair:4   | Slain by a six-headed hydra

Action                   |  1- 3 |  4- 6 |  7- 9 | 10-12 || total
-------------------------+-------+-------+-------+-------++-------
Melee: Mace              |    90 |   233 |       |       ||   323
       Flail             |       |    33 |   126 |     7 ||   166
       Unarmed           |       |    16 |       |       ||    16
       Whip              |       |       |   526 |  1574 ||  2100
Invok: Depart the Abyss  |     1 |       |       |       ||     1
       Bend Space        |       |       |       |     3 ||     3
       Banish            |       |       |       |     4 ||     4
Evoke: Wand              |       |       |     2 |     6 ||     8
  Use: Scroll            |     4 |     3 |    12 |    16 ||    35
       Potion            |       |       |     1 |     3 ||     4
 Stab: Fleeing           |       |       |     2 |       ||     2
